[ AOE2 MATCH · #506701671 ]
UnrankedWei vs Byzantines
Player's team · WIN
[ REPLAY ANALYSIS · EXTRACTED FROM THE RECORDED GAME ]
Feudal
12:50
Castle
17:06
Imperial
39:46
| APM avg | 48.8 |
| APM peak | 113 |
| eAPM avg | 24.7 |
| Villagers / military | 157 / 177 |
Focus
⚔️ 40.8% · 🌾 59.2%
Skirmisher ×117 · Unknown (1952) ×88 · Scout Cavalry ×39 · Unknown (1944) ×25 · Unknown (1942) ×23 · Unknown (1949) ×10
Feudal
8:55
Castle
21:49
Imperial
45:15
| APM avg | 60.0 |
| APM peak | 131 |
| eAPM avg | 23.8 |
| Villagers / military | 145 / 135 |
Focus
⚔️ 39.4% · 🌾 60.6%
Knight ×58 · Archer ×48 · Skirmisher ×19 · Scout Cavalry ×5 · Trebuchet (Packed) ×4 · Monk ×1
Match map
Initial resources + every placement click. Lines = walls · curves = elevation contours. ◆ gold · ⬟ stone · ● berries · ✦ relic · ◌ wall gap
Your base· ✓ Closed at 17:06 · 30t walls · no gate
LupusLobo's base· ✓ Closed at 21:49 · 89t walls · 4 gate(s)
Smoothed initial terrain · ◌ = detected wall gap · hover for details
Inputs per minute
— lapoejs - - LupusLobo
Build order — lapoejs
First 150 of 573 actions detected
| 0:01 | Queue | Villager (Male) ×4 |
| 0:02 | Build | House |
| 0:03 | Build | House |
| 1:26 | Queue | Villager (Male) |
| 1:26 | Queue | Villager (Male) |
| 1:44 | Build | Lumber Camp |
| 1:57 | Queue | Villager (Male) |
| 1:57 | Queue | Villager (Male) |
| 2:17 | Queue | Villager (Male) |
| 2:46 | Queue | Villager (Male) |
| 2:47 | Queue | Villager (Male) |
| 3:00 | Queue | Villager (Male) |
| 3:00 | Queue | Villager (Male) |
| 3:39 | Queue | Villager (Male) |
| 3:40 | Queue | Villager (Male) |
| 3:52 | Build | House |
| 4:00 | Queue | Villager (Male) |
| 4:14 | Queue | Villager (Male) |
| 4:15 | Queue | Villager (Male) |
| 4:28 | Build | Barracks |
| 4:38 | Queue | Villager (Male) |
| 4:55 | Build | House |
| 5:32 | Queue | Villager (Male) |
| 5:41 | Queue | Villager (Male) |
| 5:45 | Build | House |
| 5:47 | Queue | Militia |
| 5:47 | Queue | Militia |
| 5:48 | Queue | Militia |
| 6:08 | Queue | Militia |
| 6:09 | Queue | Villager (Male) |
| 6:18 | Build | Palisade Wall |
| 6:22 | Queue | Militia |
| 6:31 | Build | Mill |
| 6:47 | Build | Palisade Wall |
| 6:52 | Queue | Villager (Male) |
| 6:52 | Queue | Villager (Male) |
| 6:53 | Queue | Villager (Male) |
| 6:58 | Build | House |
| 7:04 | Build | House |
| 7:20 | Queue | Villager (Male) |
| 7:38 | Queue | Villager (Male) |
| 7:49 | Build | Farm |
| 8:08 | Queue | Villager (Male) |
| 8:13 | Build | Palisade Wall |
| 8:25 | Queue | Villager (Male) |
| 8:27 | Build | Farm |
| 8:55 | Research | Loom |
| 9:06 | Build | Palisade Wall |
| 9:09 | Build | Palisade Gate |
| 9:10 | Build | Palisade Wall |
| 9:31 | Build | House |
| 9:34 | Queue | Villager (Male) |
| 9:38 | Build | Farm |
| 9:49 | Build | Palisade Wall |
| 10:02 | Queue | Villager (Male) |
| 10:19 | Build | Farm |
| 10:40 | Research | Feudal Age |
| 10:40 | Research | Feudal Age |
| 11:23 | Queue | Villager (Male) |
| 11:23 | Queue | Villager (Male) |
| 12:12 | Build | Mill |
| 12:46 | Build | Mining Camp |
| 12:50 | Age | Feudal Age |
| 12:52 | Research | Double-Bit Axe |
| 13:34 | Build | Market |
| 13:40 | Queue | Villager (Male) |
| 13:55 | Build | Archery Range |
| 14:07 | Build | Palisade Wall |
| 14:13 | Build | Palisade Wall |
| 14:26 | Research | Castle Age |
| 14:26 | Research | Castle Age |
| 14:38 | Research | Gold Mining |
| 15:31 | Build | Blacksmith |
| 15:42 | Build | Palisade Wall |
| 16:00 | Build | Archery Range |
| 16:12 | Queue | Villager (Male) |
| 16:15 | Research | Fletching |
| 16:16 | Research | Fletching |
| 16:45 | Build | Archery Range |
| 17:06 | Age | Castle Age |
| 17:09 | Queue | Unit 1952 |
| 17:17 | Queue | Unit 1952 ×2 |
| 17:17 | Queue | Unit 1952 ×2 |
| 17:37 | Queue | Unit 1952 |
| 17:37 | Queue | Unit 1952 |
| 17:37 | Queue | Unit 1952 |
| 17:37 | Queue | Villager (Male) |
| 17:37 | Queue | Villager (Male) |
| 17:38 | Queue | Villager (Male) |
| 17:38 | Queue | Villager (Male) |
| 17:58 | Queue | Unit 1952 ×2 |
| 17:58 | Queue | Unit 1952 ×2 |
| 18:12 | Research | Bodkin Arrow |
| 18:12 | Research | Bodkin Arrow |
| 18:21 | Queue | Villager (Male) |
| 18:21 | Queue | Villager (Male) |
| 18:27 | Build | House |
| 18:35 | Queue | Unit 1952 |
| 18:50 | Queue | Unit 1952 |
| 18:51 | Queue | Unit 1952 |
| 18:51 | Queue | Villager (Male) |
| 19:05 | Queue | Unit 1952 |
| 19:06 | Queue | Unit 1952 |
| 19:06 | Queue | Unit 1952 |
| 19:23 | Queue | Unit 1952 |
| 19:24 | Queue | Unit 1952 |
| 19:31 | Build | House |
| 19:33 | Build | House |
| 19:47 | Queue | Unit 1952 |
| 19:47 | Queue | Unit 1952 |
| 19:58 | Queue | Unit 1952 |
| 19:58 | Queue | Unit 1952 |
| 20:26 | Build | Lumber Camp |
| 20:43 | Build | Farm |
| 20:43 | Build | Farm |
| 20:43 | Build | Farm |
| 20:43 | Build | Farm |
| 20:43 | Build | Farm |
| 20:44 | Build | Farm |
| 20:44 | Build | Farm |
| 20:49 | Research | Horse Collar |
| 20:50 | Build | Farm |
| 20:59 | Queue | Villager (Male) |
| 20:59 | Queue | Villager (Male) |
| 21:01 | Build | Farm |
| 21:14 | Queue | Unit 1952 |
| 21:14 | Queue | Unit 1952 |
| 21:27 | Queue | Unit 1952 |
| 21:27 | Queue | Unit 1952 ×2 |
| 21:29 | Build | House |
| 21:30 | Build | House |
| 22:08 | Queue | Villager (Male) |
| 22:09 | Queue | Villager (Male) |
| 22:24 | Queue | Unit 1952 |
| 22:24 | Queue | Unit 1952 |
| 22:41 | Queue | Unit 1952 |
| 22:41 | Queue | Unit 1952 |
| 22:43 | Queue | Villager (Male) |
| 22:43 | Queue | Villager (Male) |
| 22:43 | Queue | Villager (Male) |
| 23:00 | Queue | Villager (Male) |
| 23:01 | Queue | Villager (Male) |
| 23:15 | Queue | Villager (Male) |
| 23:16 | Queue | Villager (Male) |
| 23:16 | Queue | Unit 1952 ×5 |
| 23:16 | Queue | Unit 1952 ×5 |
| 23:25 | Build | House |
| 23:26 | Build | House |
| 23:32 | Research | Bow Saw |
| 24:07 | Queue | Unit 1952 |
Build order — LupusLobo
First 150 of 451 actions detected
| 0:00 | Queue | Villager (Male) |
| 0:00 | Queue | Villager (Male) |
| 0:01 | Queue | Villager (Male) |
| 0:01 | Queue | Villager (Male) |
| 0:02 | Build | House |
| 0:04 | Build | House |
| 1:34 | Queue | Villager (Male) |
| 1:34 | Queue | Villager (Male) |
| 2:01 | Queue | Villager (Male) |
| 2:01 | Queue | Villager (Male) |
| 2:33 | Queue | Villager (Male) |
| 2:33 | Queue | Villager (Male) |
| 2:33 | Queue | Villager (Male) |
| 2:43 | Build | Mill |
| 3:13 | Queue | Villager (Male) |
| 3:13 | Queue | Villager (Male) |
| 3:14 | Queue | Villager (Male) |
| 3:30 | Build | Mill |
| 3:55 | Build | House |
| 4:02 | Queue | Villager (Male) |
| 4:40 | Queue | Villager (Male) |
| 4:40 | Queue | Villager (Male) |
| 5:00 | Queue | Villager (Male) |
| 5:01 | Queue | Villager (Male) |
| 5:50 | Queue | Villager (Male) |
| 6:03 | Build | Lumber Camp |
| 6:16 | Research | Loom |
| 6:38 | Research | Feudal Age |
| 7:18 | Build | House |
| 7:23 | Build | Palisade Wall |
| 7:24 | Build | Palisade Wall |
| 7:34 | Build | Palisade Wall |
| 7:36 | Build | Palisade Wall |
| 7:37 | Build | Palisade Wall |
| 7:38 | Build | Palisade Wall |
| 7:39 | Build | Palisade Wall |
| 7:56 | Queue | Villager (Male) |
| 8:14 | Build | Barracks |
| 8:55 | Age | Feudal Age |
| 8:59 | Build | Archery Range |
| 9:02 | Queue | Villager (Male) |
| 9:05 | Research | Double-Bit Axe |
| 9:36 | Build | Palisade Wall |
| 9:41 | Queue | Archer |
| 9:44 | Queue | Villager (Male) |
| 9:49 | Build | Mining Camp |
| 9:56 | Build | Palisade Wall |
| 9:59 | Build | Palisade Wall |
| 10:08 | Build | Palisade Wall |
| 10:15 | Queue | Villager (Male) |
| 10:28 | Queue | Villager (Male) |
| 10:42 | Queue | Skirmisher |
| 10:45 | Build | House |
| 10:48 | Build | Palisade Wall |
| 11:08 | Build | Mill |
| 11:12 | Build | House |
| 11:15 | Build | House |
| 11:17 | Build | Palisade Gate |
| 11:23 | Build | House |
| 11:33 | Queue | Villager (Male) |
| 11:35 | Queue | Villager (Male) |
| 11:44 | Build | Farm |
| 11:44 | Build | Farm |
| 11:44 | Build | Farm |
| 11:54 | Build | Palisade Wall |
| 11:55 | Queue | Archer |
| 12:15 | Queue | Villager (Male) |
| 12:18 | Build | Farm |
| 12:41 | Build | Farm |
| 13:04 | Queue | Villager (Male) |
| 13:15 | Build | Lumber Camp |
| 13:20 | Queue | Villager (Male) |
| 13:28 | Queue | Archer |
| 13:37 | Build | House |
| 13:45 | Build | Palisade Wall |
| 13:46 | Queue | Villager (Male) |
| 13:51 | Queue | Archer |
| 14:04 | Queue | Villager (Male) |
| 14:07 | Queue | Archer |
| 14:19 | Queue | Villager (Male) |
| 14:23 | Build | Palisade Wall |
| 14:24 | Queue | Villager (Male) |
| 14:27 | Queue | Archer |
| 14:40 | Build | Palisade Gate |
| 14:49 | Build | Farm |
| 14:49 | Build | Farm |
| 14:50 | Build | Farm |
| 14:54 | Build | Farm |
| 14:57 | Queue | Archer |
| 15:35 | Queue | Villager (Male) |
| 15:36 | Queue | Archer |
| 15:43 | Build | Blacksmith |
| 15:47 | Queue | Villager (Male) |
| 15:52 | Build | Farm |
| 15:52 | Build | Farm |
| 15:52 | Build | Farm |
| 15:52 | Build | Farm |
| 16:00 | Build | Palisade Wall |
| 16:23 | Queue | Villager (Male) |
| 16:34 | Queue | Villager (Male) |
| 16:37 | Queue | Archer |
| 16:40 | Build | Farm |
| 16:58 | Build | Palisade Wall |
| 17:06 | Build | Palisade Wall |
| 17:10 | Queue | Villager (Male) |
| 17:19 | Build | Palisade Gate |
| 17:34 | Build | Farm |
| 17:39 | Build | Market |
| 17:57 | Queue | Villager (Male) |
| 18:02 | Build | House |
| 18:10 | Queue | Archer |
| 18:14 | Queue | Villager (Male) |
| 18:28 | Build | House |
| 18:49 | Build | Palisade Gate |
| 19:02 | Build | Farm |
| 19:09 | Research | Castle Age |
| 19:10 | Research | Castle Age |
| 19:13 | Build | Farm |
| 19:37 | Build | Watch Tower |
| 19:40 | Build | House |
| 19:41 | Build | House |
| 20:09 | Build | Archery Range |
| 20:13 | Build | Farm |
| 20:15 | Research | Fletching |
| 20:15 | Research | Padded Archer Armor |
| 20:37 | Build | House |
| 20:43 | Build | Mining Camp |
| 20:50 | Queue | Archer |
| 21:02 | Queue | Archer |
| 21:03 | Queue | Archer |
| 21:27 | Build | Farm |
| 21:28 | Build | Farm |
| 21:30 | Queue | Villager (Male) |
| 21:33 | Queue | Archer |
| 21:34 | Queue | Archer |
| 21:34 | Queue | Archer |
| 21:49 | Age | Castle Age |
| 21:52 | Research | Crossbowman (upgrade) |
| 22:01 | Build | House |
| 22:26 | Queue | Archer |
| 22:27 | Queue | Archer |
| 22:28 | Queue | Villager (Male) |
| 22:28 | Queue | Villager (Male) |
| 22:29 | Queue | Villager (Male) |
| 22:29 | Queue | Villager (Male) |
| 22:57 | Queue | Villager (Male) |
| 23:17 | Queue | Archer |
| 23:18 | Queue | Archer |
| 23:18 | Queue | Villager (Male) |
| 23:18 | Queue | Villager (Male) |
Match timeline
| 4:28 | lapoejs · first_building Barracks |
| 6:18 | lapoejs · wall_segment Palisade Wall x3 |
| 6:47 | lapoejs · wall_segment Palisade Wall x11 |
| 7:23 | LupusLobo · wall_segment Palisade Wall x1 |
| 7:24 | LupusLobo · wall_segment Palisade Wall x1 |
| 7:34 | LupusLobo · wall_segment Palisade Wall x1 |
| 7:36 | LupusLobo · wall_segment Palisade Wall x1 |
| 7:37 | LupusLobo · wall_segment Palisade Wall x1 |
| 7:38 | LupusLobo · wall_segment Palisade Wall x1 |
| 7:39 | LupusLobo · wall_segment Palisade Wall x1 |
| 8:13 | lapoejs · wall_segment Palisade Wall x6 |
| 8:14 | LupusLobo · first_building Barracks |
| 8:55 | LupusLobo · age_up feudal |
| 8:59 | LupusLobo · first_building Archery Range |
| 9:06 | lapoejs · wall_segment Palisade Wall x4 |
| 9:10 | lapoejs · wall_segment Palisade Wall x3 |
| 9:36 | LupusLobo · wall_segment Palisade Wall x1 |
| 9:49 | lapoejs · wall_segment Palisade Wall x1 |
| 9:56 | LupusLobo · wall_segment Palisade Wall x1 |
| 9:59 | LupusLobo · wall_segment Palisade Wall x1 |
| 10:08 | LupusLobo · wall_segment Palisade Wall x1 |
| 10:48 | LupusLobo · wall_segment Palisade Wall x1 |
| 11:54 | LupusLobo · wall_segment Palisade Wall x1 |
| 12:50 | lapoejs · age_up feudal |
| 13:45 | LupusLobo · wall_segment Palisade Wall x12 |
| 13:55 | lapoejs · first_building Archery Range |
| 14:07 | lapoejs · wall_segment Palisade Wall x1 |
| 14:13 | lapoejs · wall_segment Palisade Wall x1 |
| 14:23 | LupusLobo · wall_segment Palisade Wall x11 |
| 14:25 | lapoejs · first_market_sell 100 stone |
| 15:42 | lapoejs · wall_segment Palisade Wall x1 |
| 16:00 | LupusLobo · wall_segment Palisade Wall x12 |
| 16:58 | LupusLobo · wall_segment Palisade Wall x29 |
| 17:06 | lapoejs · age_up castle |
| 17:06 | LupusLobo · wall_segment Palisade Wall x14 |
| 17:15 | lapoejs · first_market_buy 100 wood |
| 21:49 | LupusLobo · age_up castle |
| 23:26 | LupusLobo · wall_segment Palisade Wall x1 |
| 24:31 | LupusLobo · first_market_buy 100 wood |
| 27:04 | lapoejs · first_building Monastery |
| 27:39 | LupusLobo · first_market_sell 500 stone |
| 29:41 | lapoejs · first_building Siege Workshop |
| 30:47 | lapoejs · first_building Stable |
| 32:20 | lapoejs · first_building Castle |
| 33:05 | LupusLobo · first_building Monastery |
| 33:49 | LupusLobo · first_building Stable |
| 37:22 | LupusLobo · first_building Castle |
| 39:46 | lapoejs · age_up imperial |
| 45:15 | LupusLobo · age_up imperial |
| 51:51 | LupusLobo · resign |
[ AI ANALYSIS · 1 CREDIT ]
What really happened in this match?
Wolo.gg analyzes every decision: build order, eco, micro, common mistakes by bracket. Personalized analysis on WhatsApp or Discord in 30 seconds.
Civ guide
Wei
Perfil
Jugador #4142107